PAA
RICHLAND RAILS @ MYRTLE BEACH MERMEN
09/03/2020
 
TOP OF THE 1ST
Richland Rails batting - Pitching for Myrtle Beach Mermen : RHP Kenny Ryan
Pitching: RHP Kenny Ryan
Batting: RHB Tiaki Kunani 0-0: Ball
1-0: Ball
2-0: Ball
3-0: Called Strike
3-1: TRIPLE (Flyball, 89D)
Batting: SHB Carlton Reed 0-0: Called Strike
0-1: Foul Ball, location: 2F
0-2: Ball
1-2: Ball
2-2: Ball
3-2: Fly out, F7 (Flyball, 78S)
Batting: RHB Miguel Vidro 0-0: Fly out, F9 (Flyball, 9LS)
Batting: RHB Gustavo Berrios 0-0: Ball
1-0: Fly out, F2 (Popup, 2LF)
Top of the 1st over - 0 run(s), 1 hit(s), 0 error(s), 1 left on base; Richland 0 - Myrtle Beach 0
BOTTOM OF THE 1ST
Myrtle Beach Mermen batting - Pitching for Richland Rails : RHP Bartolo Medina
Pitching: RHP Bartolo Medina
Batting: RHB Scott Peterson 0-0: Called Strike
0-1: Called Strike
0-2: Ball
1-2: Strikes out swinging
Batting: SHB David Vázquez 0-0: Swinging Strike
0-1: Foul Ball, location: 2F
0-2: Foul Ball, location: 2F
0-2: SINGLE (Line Drive, 56D)
Batting: RHB Oliver Aranda 0-0: Swinging Strike
0-1: Foul Ball, location: 2F
0-2: Ball
1-2: Ball
2-2: Strikes out swinging
Batting: SHB Carlos Carranza 0-0: Ball
1-0: Called Strike
1-1: Foul Ball, location: 2F
1-2: Strikes out swinging
Bottom of the 1st over - 0 run(s), 1 hit(s), 0 error(s), 1 left on base; Richland 0 - Myrtle Beach 0
TOP OF THE 2ND
Richland Rails batting - Pitching for Myrtle Beach Mermen : RHP Kenny Ryan
Batting: RHB Jack Davis 0-0: Foul Ball, location: 2F
0-1: Called Strike
0-2: Foul Ball, location: 2F
0-2: Fly out, F7 (Popup, 6D)
Batting: RHB Francisco Avelleyra 0-0: Foul Ball, location: 2F
0-1: Ball
1-1: Ball
2-1: Ground out 4-3 (Groundball, 4)
Batting: RHB Ramón Cruz 0-0: Ball
1-0: Called Strike
1-1: Called Strike
1-2: Foul Ball, location: 2F
1-2: Ball
2-2: SINGLE (Line Drive, 7LS)
Batting: RHB Juan Martínez 0-0: Fly out, F8 (Flyball, 8LM)
Top of the 2nd over - 0 run(s), 1 hit(s), 0 error(s), 1 left on base; Richland 0 - Myrtle Beach 0
BOTTOM OF THE 2ND
Myrtle Beach Mermen batting - Pitching for Richland Rails : RHP Bartolo Medina
Batting: RHB Álex Rodríguez 0-0: Hit by Pitch
Batting: LHB Steven Johnstone 0-0: Called Strike
0-1: Called Strike
0-2: Ball
1-2: Ball
2-2: Strikes out looking
Batting: RHB José Caballero 0-0: Ball
1-0: Called Strike
1-1: TRIPLE (Flyball, 89D)
Álex Rodríguez scores
Batting: SHB Val Brown 0-0: Ball
1-0: Ground out U3 (Groundball, 3)
Batting: RHB Ángelo Saldaña 0-0: Ball
1-0: Ball
2-0: Ball
3-0: Ground out 5-3 (Groundball, 56)
Bottom of the 2nd over - 1 run(s), 1 hit(s), 0 error(s), 1 left on base; Richland 0 - Myrtle Beach 1
TOP OF THE 3RD
Richland Rails batting - Pitching for Myrtle Beach Mermen : RHP Kenny Ryan
Batting: RHB César López 0-0: SINGLE (Flyball, 9LS)
Batting: RHB Tiaki Kunani 0-0: Ball
1-0: Swinging Strike
1-1: Called Strike
1-2: Ball
2-2: Strikes out swinging
Batting: SHB Carlton Reed 0-0: Ball
1-0: Ball
2-0: Foul Ball, location: 2F
2-1: Swinging Strike
2-2: Foul Ball, location: 2F
2-2: Fly out, F7 (Flyball, 7LM)
Batting: RHB Miguel Vidro 0-0: Ball
1-0: Called Strike
1-1: Foul Ball, location: 2F
1-2: Ground out 6-3 (Groundball, 6)
Top of the 3rd over - 0 run(s), 1 hit(s), 0 error(s), 1 left on base; Richland 0 - Myrtle Beach 1
BOTTOM OF THE 3RD
Myrtle Beach Mermen batting - Pitching for Richland Rails : RHP Bartolo Medina
Batting: RHB Scott Peterson 0-0: Called Strike
0-1: Swinging Strike
0-2: Ball
1-2: Ball
2-2: Strikes out swinging
Batting: SHB David Vázquez 0-0: Called Strike
0-1: Fly out, F8 (Flyball, 8RM)
Batting: RHB Oliver Aranda 0-0: Called Strike
0-1: Ball
1-1: Ball
2-1: Called Strike
2-2: Foul Ball, location: 2F
2-2: Ball
3-2: Base on Balls
Batting: SHB Carlos Carranza 0-0: Called Strike
Oliver Aranda is caught stealing 2nd base
Bottom of the 3rd over - 0 run(s), 0 hit(s), 0 error(s), 0 left on base; Richland 0 - Myrtle Beach 1
TOP OF THE 4TH
Richland Rails batting - Pitching for Myrtle Beach Mermen : RHP Kenny Ryan
Batting: RHB Gustavo Berrios 0-0: Ground out 4-3 (Groundball, 4)
Batting: RHB Jack Davis 0-0: Called Strike
0-1: Ball
1-1: Fly out, F5 (Line Drive, 5)
Batting: RHB Francisco Avelleyra 0-0: Ball
1-0: Ball
2-0: SINGLE (Groundball, 6MD)
Batting: RHB Ramón Cruz 0-0: Ball
1-0: Called Strike
1-1: Swinging Strike
1-2: Ground out 4-3 (Groundball, 4)
Top of the 4th over - 0 run(s), 1 hit(s), 0 error(s), 1 left on base; Richland 0 - Myrtle Beach 1
BOTTOM OF THE 4TH
Myrtle Beach Mermen batting - Pitching for Richland Rails : RHP Bartolo Medina
Batting: SHB Carlos Carranza 0-0: Ball
1-0: Called Strike
1-1: Foul Ball, location: 2F
1-2: Strikes out swinging
Batting: RHB Álex Rodríguez 0-0: Called Strike
0-1: Ball
1-1: Fly out, F8 (Flyball, 8LM)
Batting: LHB Steven Johnstone 0-0: Foul Ball, location: 2F
0-1: Swinging Strike
0-2: Ball
1-2: Strikes out swinging
Bottom of the 4th over - 0 run(s), 0 hit(s), 0 error(s), 0 left on base; Richland 0 - Myrtle Beach 1
TOP OF THE 5TH
Richland Rails batting - Pitching for Myrtle Beach Mermen : RHP Kenny Ryan
Batting: RHB Juan Martínez 0-0: Swinging Strike
0-1: Ground out 6-3 (Groundball, 6)
Batting: RHB César López 0-0: Ball
1-0: Ball
2-0: Fly out, F9 (Flyball, 9S)
Batting: RHB Tiaki Kunani 0-0: Ball
1-0: Ball
2-0: Called Strike
2-1: Ball
3-1: SINGLE (Line Drive, 9S)
Batting: SHB Carlton Reed 0-0: Ball
1-0: Ball
2-0: Ball
3-0: Base on Balls
Tiaki Kunani to second
Batting: RHB Miguel Vidro 0-0: Called Strike
0-1: Ball
1-1: Swinging Strike
1-2: Foul Ball, location: 2F
1-2: Ball
2-2: Ground out 4-3 (Groundball, 4)
Top of the 5th over - 0 run(s), 1 hit(s), 0 error(s), 2 left on base; Richland 0 - Myrtle Beach 1
BOTTOM OF THE 5TH
Myrtle Beach Mermen batting - Pitching for Richland Rails : RHP Bartolo Medina
Batting: RHB José Caballero 0-0: Called Strike
0-1: Ball
1-1: Ball
2-1: Ball
3-1: SINGLE (Groundball, 4D)
Batting: SHB Val Brown 0-0: Sac Bunt - play at first, batter OUT! 1-4
José Caballero to second
Batting: RHB Ángelo Saldaña 0-0: Ball
1-0: Swinging Strike
1-1: Fly out, F3 (Popup, 3SF)
Batting: RHB Scott Peterson 0-0: Fly out, F8 (Flyball, 8RM)
Bottom of the 5th over - 0 run(s), 1 hit(s), 0 error(s), 1 left on base; Richland 0 - Myrtle Beach 1
TOP OF THE 6TH
Richland Rails batting - Pitching for Myrtle Beach Mermen : RHP Kenny Ryan
Batting: RHB Gustavo Berrios 0-0: Ball
1-0: Ground out 4-3 (Groundball, 4M)
Batting: RHB Jack Davis 0-0: Called Strike
0-1: Ball
1-1: SINGLE (Flyball, 89S) - OUT at second base trying to stretch hit.
Batting: RHB Francisco Avelleyra 0-0: SINGLE (Line Drive, 4D)
Batting: RHB Ramón Cruz 0-0: Foul Ball, location: 2F
0-1: Ground out 5-3 (Groundball, 15S)
Top of the 6th over - 0 run(s), 2 hit(s), 0 error(s), 1 left on base; Richland 0 - Myrtle Beach 1
BOTTOM OF THE 6TH
Myrtle Beach Mermen batting - Pitching for Richland Rails : RHP Bartolo Medina
Batting: SHB David Vázquez 0-0: Ball
1-0: Called Strike
1-1: SINGLE (Line Drive, 6D)
Batting: RHB Oliver Aranda 0-0: Foul Ball, location: 2F
0-1: Ball
1-1: Foul Ball, location: 2F
1-2: Ball
2-2: Strikes out swinging
Batting: SHB Carlos Carranza 0-0: Called Strike
0-1: Ball
1-1: Foul Ball, location: 2F
1-2: Fly out, F8 (Flyball, 8RM)
Batting: RHB Álex Rodríguez 0-0: Called Strike
0-1: 2-RUN HOME RUN (Flyball, 7D), Distance : 357 ft
Batting: LHB Steven Johnstone 0-0: Called Strike
0-1: Foul Ball, location: 2F
0-2: Foul Ball, location: 2F
0-2: Foul Ball, location: 2F
0-2: Foul Ball, location: 2F
0-2: Fly out, F7 (Flyball, 78D)
Bottom of the 6th over - 2 run(s), 2 hit(s), 0 error(s), 0 left on base; Richland 0 - Myrtle Beach 3
TOP OF THE 7TH
Richland Rails batting - Pitching for Myrtle Beach Mermen : RHP Kenny Ryan
Batting: RHB Juan Martínez 0-0: Foul Ball, location: 2F
0-1: Ball
1-1: Foul Ball, location: 2F
1-2: Ball
2-2: Ball
3-2: Strikes out swinging
Batting: RHB César López 0-0: Foul Ball, location: 2F
0-1: Ball
1-1: Called Strike
1-2: Ground out 6-3 (Groundball, 6M)
Batting: RHB Tiaki Kunani 0-0: Called Strike
0-1: Ball
1-1: Ball
2-1: Called Strike
2-2: Ball
3-2: Base on Balls
Pitching: LHP Guus Ketting
Batting: SHB Carlton Reed 0-0: Called Strike
0-1: Ball
1-1: Foul Ball, location: 2F
1-2: Foul Ball, location: 2F
1-2: Foul Ball, location: 2F
1-2: Ball
2-2: Strikes out swinging
Top of the 7th over - 0 run(s), 0 hit(s), 0 error(s), 1 left on base; Richland 0 - Myrtle Beach 3
BOTTOM OF THE 7TH
Myrtle Beach Mermen batting - Pitching for Richland Rails : RHP Bartolo Medina
Batting: RHB José Caballero 0-0: Ball
1-0: SINGLE (Line Drive, 4MD)
Batting: SHB Val Brown 0-0: Ball
1-0: Foul Ball, location: 2F
1-1: Fly out, F8 (Flyball, 8RM)
Batting: RHB Ángelo Saldaña 0-0: Ball
1-0: Ball
2-0: Called Strike
2-1: Grounds into double play, 1-4-3 (Groundball, 13S)
Bottom of the 7th over - 0 run(s), 1 hit(s), 0 error(s), 0 left on base; Richland 0 - Myrtle Beach 3
TOP OF THE 8TH
Richland Rails batting - Pitching for Myrtle Beach Mermen : LHP Guus Ketting
Batting: RHB Miguel Vidro 0-0: Fly out, F8 (Flyball, 8RM)
Batting: RHB Gustavo Berrios 0-0: Called Strike
0-1: Called Strike
0-2: Strikes out swinging
Batting: RHB Jack Davis 0-0: Ball
1-0: Called Strike
1-1: SOLO HOME RUN (Flyball, 7LD), Distance : 341 ft
Batting: RHB Francisco Avelleyra 0-0: Ball
1-0: SINGLE (Groundball, 56S)
Pitching: LHP Jim Unknown
Batting: RHB Ramón Cruz 0-0: Foul Ball, location: 2F
0-1: Ball
1-1: Ball
2-1: Foul Ball, location: 2F
2-2: Ball
3-2: Foul Ball, location: 2F
3-2: Base on Balls
Francisco Avelleyra to second
Pinch Hitting: RHB José Herrera 0-0: Called Strike
0-1: Foul Ball, location: 2F
0-2: Strikes out swinging
Top of the 8th over - 1 run(s), 2 hit(s), 0 error(s), 2 left on base; Richland 1 - Myrtle Beach 3
BOTTOM OF THE 8TH
Myrtle Beach Mermen batting - Pitching for Richland Rails : RHP Bartolo Medina
Now in CF: Kevin Montgomery
Batting: RHB Scott Peterson 0-0: Ball
1-0: Swinging Strike
1-1: Foul Ball, location: 2F
1-2: Fly out, F8 (Flyball, 8RM)
Batting: SHB David Vázquez 0-0: Ball
1-0: Ground out 4-3 (Groundball, 4)
Batting: RHB Oliver Aranda 0-0: Ball
1-0: Ball
2-0: Fly out, F9 (Flyball, 9M)
Bottom of the 8th over - 0 run(s), 0 hit(s), 0 error(s), 0 left on base; Richland 1 - Myrtle Beach 3
TOP OF THE 9TH
Richland Rails batting - Pitching for Myrtle Beach Mermen : LHP Jim Unknown
Pitching: LHP Jonathon Baker
Batting: RHB César López 0-0: Ball
1-0: Called Strike
1-1: Ground out 5-3 (Groundball, 56)
Batting: RHB Tiaki Kunani 0-0: Called Strike
0-1: Ball
1-1: SINGLE (Groundball, 56D)
Batting: SHB Carlton Reed 0-0: Ball
1-0: Fly out, F9 (Flyball, 89M)
Batting: RHB Miguel Vidro 0-0: Ball
1-0: Called Strike
1-1: Ball
2-1: Ball
3-1: Foul Ball, location: 2F
3-2: Foul Ball, location: 2F
3-2: Fly out, F8 (Flyball, 89XD)
Top of the 9th over - 0 run(s), 1 hit(s), 0 error(s), 1 left on base; Richland 1 - Myrtle Beach 3
This league is powered by Out of the Park Baseball, the baseball management simulation game for PC, Mac and Linux
Friday, October 23rd, 2015 - OOTP Baseball 16.9 Build 39